 Dungeon Crawl Stone Soup version 0.19.5 (webtiles) character file.

770 JeffiDaFish the Shield-Bearer (level 7, -5/44 HPs)
             Began as a Gargoyle Fighter on Sept 2, 2017.
             Slain by an ogre
             ... wielding a +0 giant spiked club
              (19 damage)
             ... on level 4 of the Dungeon on Sept 3, 2017.
             The game lasted 00:14:48 (4277 turns).

JeffiDaFish the Shield-Bearer (Gargoyle Fighter)    Turns: 4277, Time: 00:14:49

Health: -5/44      AC: 19    Str: 19    XL:     7   Next: 83%
Magic:  7/7        EV:  4    Int:  9    God:
Gold:   279        SH: 10    Dex: 11    Spells: 0 memorised, 6 levels left

rFire  . . .     SeeInvis .     a - +1 flail
rCold  . . .     Gourm    .     o - +0 plate armour
rNeg   + . .     Faith    .     c - +0 shield
rPois  ∞         Spirit   .     (no helmet)
rElec  +         Reflect  .     n - +0 cloak
rCorr  .         Harm     .     h - +0 pair of gloves
MR     .....                    (no boots)
Stlth  ..........               (no amulet)
                                (no ring)
                                (no ring)

@: no status effects
A: negative energy resistance 1, electricity resistance, unbreathing,
petrification resistance, rot immunity, AC +4
a: no special abilities


You were on level 4 of the Dungeon.
You were not hungry.

You visited 1 branch of the dungeon, and saw 4 of its levels.

You collected 279 gold pieces.

Inventory:

Hand Weapons
 a - a +1 flail (weapon)
Armour
 c - a +0 shield (worn)
 h - a +0 pair of gloves (worn)
 n - a +0 cloak (worn)
 o - a +0 plate armour (worn)
Scrolls
 e - 2 scrolls of recharging
 k - 3 scrolls of remove curse
Potions
 d - a potion of might
 l - a potion of heal wounds
 m - a potion of resistance
Comestibles
 b - 6 chunks of flesh
 f - 5 bread rations
 g - 4 fruits
 i - 2 meat rations
 j - a beef jerky


   Skills:
 + Level 4.4 Fighting
 + Level 5.4 Maces & Flails
 + Level 4.6 Armour
 + Level 1.7 Dodging
 + Level 6.0 Shields


You had 6 spell levels left.
You didn't know any spells.

Dungeon Overview and Level Annotations

Branches:
Dungeon (4/15)
 Temple: D:4-7

Altars:
Dithmenos
Hepliaklqana
Kikubaaqudgha
Vehumet


Innate Abilities, Weirdness & Mutations

You are resistant to torment.
Your stone body is resilient. (AC +4)
You are immune to poison.
You resist negative energy. (rN+)
You are resistant to electric shocks. (rElec)
You can survive without breathing.
You are immune to petrification.
You are immune to rotting.


Message History

* * * LOW HITPOINT WARNING * * *
You are too injured to fight recklessly!
You are too injured to fight recklessly!
You are too injured to fight recklessly!
You are too injured to fight recklessly!
You are too injured to fight recklessly!
You are too injured to fight recklessly!
You are too injured to fight recklessly!
You thump the ogre!
The ogre is moderately wounded.
You hit the ogre.
The ogre is heavily wounded.
You block the ogre's attack.
Your shield and plate armour prevent you from hitting the ogre.
The ogre is heavily wounded.
You block the ogre's attack.
Your plate armour prevents you from hitting the ogre.
The ogre is heavily wounded.
The ogre hits you with a giant spiked club!!
You die...

.. .## #. .. .
##.# #.###.. #...
....... #..#
.......
#..####O......
#..#..@...#..
#.............
#.............
###..<<..........
#.....)..........
##...............
##<.............
##.##.#.##.....
#.#.........# #.


You could see an ogre.

Vanquished Creatures
  4 big kobolds (D:3)
  A bullfrog (D:3)
  Crazy Yiuf (D:3)
  A bullfrog skeleton (D:4)
  An iguana (D:4)
  17 gnolls (D:3)
  2 adders
  An adder skeleton (D:4)
  A worm (D:3)
  5 dart slugs
  7 orcs
  11 bats
  5 giant cockroaches
  34 goblins
  27 hobgoblins
  4 jackals
  10 kobolds
  A quokka (D:2)
  2 ball pythons
  2 frilled lizards (D:1)
  7 rats
144 creatures vanquished.

Notes
Turn   | Place    | Note
-------+----------+-------------------------------------------
     0 | D:1      | JeffiDaFish the Gargoyle Fighter began the quest for the Orb.
     0 | D:1      | Reached XP level 1. HP: 14/14 MP: 1/1
   117 | D:1      | Reached XP level 2. HP: 19/19 MP: 2/2
   506 | D:1      | Reached XP level 3. HP: 21/23 MP: 3/3
   904 | D:2      | Found a hazy altar of Hepliaklqana.
  1269 | D:3      | Reached XP level 4. HP: 24/28 MP: 4/4
  1550 | D:3      | Found a faded altar of an unknown god.
  1615 | D:3      | Reached skill level 1 in Dodging
  1615 | D:3      | Reached skill level 4 in Shields
  1634 | D:3      | Reached XP level 5. HP: 12/32 MP: 5/5
  1835 | D:3      | Found a radiant altar of Vehumet.
  2510 | D:3      | Found a runed door.
  2514 | D:3      | Noticed Crazy Yiuf
  2524 | D:3      | Killed Crazy Yiuf
  2524 | D:3      | Reached XP level 6. HP: 23/38 MP: 6/6
  3179 | D:3      | Reached skill level 5 in Shields
  3282 | D:3      | Reached XP level 7. HP: 26/43 MP: 7/7
  3298 | D:3      | Reached skill level 5 in Maces & Flails
  3903 | D:4      | Found a shadowy altar of Dithmenos.
  3903 | D:4      | Found a faded altar of an unknown god.
  3908 | D:4      | Found a faded altar of an unknown god.
  3910 | D:4      | Found a faded altar of an unknown god.
  3911 | D:4      | Found a faded altar of an unknown god.
  3935 | D:4      | Reached skill level 6 in Shields
  4179 | D:4      | Found an ancient bone altar of Kikubaaqudgha.
  4277 | D:4      | Slain by an ogre

Skill      XL: |  1  2  3  4  5  6  7 |
---------------+----------------------+-----
Maces & Flails | 3 4 5 |  5.4
Dodging        | 1 |  1.7
Shields        | 4 5 6 |  6.0
Armour         | 4 |  4.6
Fighting       | 4 |  4.4

Action                   |  1- 3 |  4- 6 |  7- 9 || total
-------------------------+-------+-------+-------++-------
Melee: Flail             |   176 |   407 |   100 ||   683
  Use: Scroll            |     5 |     1 |     2 ||     8
       Potion            |     4 |     3 |       ||     7
  Eat: Chunk             |     1 |     8 |     4 ||    13
Armor: Scale mail        |   126 |    97 |       ||   223
       Chain mail        |       |    37 |       ||    37
       Plate armour      |       |   335 |    83 ||   418
Dodge: Dodged            |    91 |   161 |    22 ||   274
Block: Shield            |   120 |   372 |    72 ||   564
